[Event "December 19 Early 2023"]
[Site "https://www.chess.com"]
[Date "2023.12.19"]
[Round "6"]
[White "Praggnanandhaa R"]
[Black "Dragun, Kamil"]
[Result "1-0"]
[Board "19"]
[TimeControl "180+1"]
[WhiteFideId "25059530"]
[BlackFideId "1134167"]
[WhiteElo "2665"]
[BlackElo "2551"]
[WhiteTeam "IND"]
[BlackTeam "POL"]
[WhiteClock "0:00:49"]
[BlackClock "0:00:17"]

1. d4 d5 2. Bf4 c5 3. e3 Nc6 4. c3 Bf5 5. Nd2 e6 6. Ngf3 Qb6 7. Qc1 cxd4 8. exd4 Rc8 9. a3 Nf6 10. Nh4 Nxd4 11. Nxf5 Nxf5 12. Bd3 Bd6 13. Bxd6 Nxd6 14. O-O O-O 15. Nf3 Nde4 16. a4 Nc5 17. Bc2 Nb3 18. Bxb3 Qxb3 19. a5 Ne4 20. a6 bxa6 21. Rxa6 Qb7 22. Ra2 Nc5 23. Qc2 Rfe8 24. h4 e5 25. Qf5 g6 26. Qg5 e4 27. Nd4 Ne6 28. Nxe6 Rxe6 29. h5 Qe7 30. Qe3 a6 31. Rd1 Rd8 32. Ra5 Red6 33. h6 Qf6 34. Rd4 g5 35. c4 Qxh6 36. Raxd5 Rxd5 37. cxd5 f5 38. g4 Qf6 39. gxf5 Qxf5 40. d6 Qg4+ 41. Kf1 Qf3 42. Qxg5+ Kf7 43. Qxd8 1-0

[Event "December 19 Early 2023"]
[Site "https://www.chess.com"]
[Date "2023.12.19"]
[Round "6"]
[White "Suyarov, Mukhammadzokhid"]
[Black "Vokhidov, Shamsiddin"]
[Result "0-1"]
[Board "20"]
[TimeControl "180+1"]
[WhiteFideId "14210495"]
[BlackFideId "14204223"]
[WhiteElo "2449"]
[BlackElo "2588"]
[WhiteTeam "UZB"]
[BlackTeam "UZB"]
[WhiteClock "0:00:27"]
[BlackClock "0:00:36"]

1. d4 Nf6 2. c4 e6 3. Nc3 Bb4 4. e3 O-O 5. Bd2 b6 6. Nf3 d5 7. cxd5 exd5 8. Rc1 Re8 9. Bd3 Bb7 10. Ne5 Bf8 11. O-O c5 12. f4 Nc6 13. Bb5 Qd6 14. Be1 a6 15. Be2 cxd4 16. exd4 b5 17. Bh4 Ne4 18. Bf3 Ne7 19. g4 f6 20. Nxe4 dxe4 21. Bg2 fxe5 22. fxe5 Qd7 23. Rc5 Ng6 24. Qb3+ Kh8 25. Rf7 Qxd4+ 26. Bf2 e3 27. Bxe3 Qxg4 28. Rxb7 Bxc5 29. Bxc5 Nf4 30. Qf3 Qxg2+ 31. Qxg2 Nxg2 32. Kxg2 Rxe5 33. Bd4 Rg5+ 34. Kf3 h6 35. h4 Rg6 36. Rf7 Kg8 37. Rd7 Rf8+ 38. Ke3 Rf7 39. Rd8+ Kh7 40. Rd5 Rg3+ 41. Ke2 Rg4 42. h5 Rg5 43. Rd6 a5 44. Ra6 a4 0-1

[Event "December 19 Early 2023"]
[Site "https://www.chess.com"]
[Date "2023.12.19"]
[Round "6"]
[White "Postny, Evgeny"]
[Black "Grandelius, Nils"]
[Result "0-1"]
[Board "21"]
[TimeControl "180+1"]
[WhiteFideId "2804344"]
[BlackFideId "1710400"]
[WhiteElo "2505"]
[BlackElo "2573"]
[WhiteTeam "ISR"]
[BlackTeam "SWE"]
[WhiteClock "0:00:01"]
[BlackClock "0:00:18"]

1. d4 Nf6 2. c4 g6 3. Nf3 Bg7 4. Nc3 O-O 5. e4 d6 6. h3 c5 7. d5 e6 8. Bd3 Na6 9. O-O Re8 10. a3 Nc7 11. Rb1 b6 12. Bg5 h6 13. Be3 e5 14. b4 Nh5 15. Re1 Nf4 16. Bf1 f5 17. Rb3 Bd7 18. Qb1 Nh5 19. exf5 gxf5 20. Bd2 e4 21. Nh2 Be5 22. Bxh6 Qf6 23. Bd2 Re7 24. Qc1 Rg7 25. Kh1 Qh4 26. Nd1 Ba4 27. g3 Bxg3 28. fxg3 Nxg3+ 29. Rxg3 Qxg3 30. Be3 Qxe1 31. Nc3 Qxc1 32. Bxc1 Bd7 33. Bf4 Ne8 34. Be2 cxb4 35. axb4 a5 36. b5 a4 37. Nf1 a3 38. Na2 Rg6 39. Ne3 Ng7 40. Nc2 Be8 41. Nd4 Rf6 42. Nc6 Bh5 43. Bf1 Bd1 44. Be3 Bb3 45. Ncb4 Rc8 46. Bxb6 Bxc4 47. Bxc4 Rxc4 48. Bd8 Rf7 49. b6 Rb7 50. Kg1 f4 51. Kf1 Nf5 52. Ke2 Kf7 53. Kd2 f3 54. Bc7 e3+ 55. Kd3 Rxb4 56. Nxb4 f2 57. Ke2 Ng3+ 0-1

[Event "December 19 Early 2023"]
[Site "https://www.chess.com"]
[Date "2023.12.19"]
[Round "6"]
[White "Galchenko, Matvey"]
[Black "Gabrielian, Artur"]
[Result "1-0"]
[Board "22"]
[TimeControl "180+1"]
[WhiteFideId "24175480"]
[BlackFideId "4131002"]
[WhiteElo "2424"]
[BlackElo "2441"]
[WhiteTeam "FID"]
[BlackTeam "RUS"]
[WhiteClock "0:00:15"]
[BlackClock "0:00:07"]

1. e4 c5 2. c3 Nc6 3. d4 d5 4. exd5 Qxd5 5. Nf3 Nf6 6. dxc5 Qxd1+ 7. Kxd1 Bg4 8. b4 e5 9. h3 Bxf3+ 10. gxf3 a5 11. Bb5 Nd5 12. Bd2 g6 13. a4 Bg7 14. Bc4 O-O-O 15. b5 Nce7 16. Kc2 Nf5 17. Na3 Bf8 18. c6 Bc5 19. Bg5 f6 20. Bxd5 Rxd5 21. cxb7+ Kxb7 22. Bxf6 Rf8 23. Bg5 Nd6 24. Be7 Rxf3 25. Bxd6 Bxd6 26. Nc4 Rxf2+ 27. Kb3 Bc7 28. Rhf1 Rf4 29. Rad1 Rxd1 30. Rxd1 e4 31. Rd7 Kc8 32. Rxh7 Rf3 33. b6 Bd8 34. b7+ Kb8 35. Ne5 Bc7 36. Nxf3 exf3 37. Rf7 Kxb7 38. Rxf3 g5 39. Rf5 Bd8 40. Kc4 Kc6 41. Rf7 Kd6 42. Kd4 Ke6 43. Rb7 Kf5 44. c4 Kf4 45. c5 Kg3 46. Rd7 Bf6+ 47. Ke4 1-0

[Event "December 19 Early 2023"]
[Site "https://www.chess.com"]
[Date "2023.12.19"]
[Round "6"]
[White "Chan, Yi Ren Daniel"]
[Black "Zhigalko, Sergei"]
[Result "0-1"]
[Board "23"]
[TimeControl "180+1"]
[WhiteFideId "5801583"]
[BlackFideId "13502956"]
[WhiteElo "2375"]
[BlackElo "2616"]
[WhiteTeam "SGP"]
[BlackTeam "BLR"]
[WhiteClock "0:00:03"]
[BlackClock "0:00:07"]

1. e4 c5 2. Nf3 Nc6 3. Nc3 Nf6 4. d4 cxd4 5. Nxd4 e5 6. Ndb5 d6 7. Nd5 Nxd5 8. exd5 Nb8 9. a4 Be7 10. Be3 O-O 11. a5 Bd7 12. Nxa7 Bg5 13. Bb6 Qe7 14. Be2 Na6 15. O-O f5 16. c4 e4 17. f4 exf3 18. Bxf3 Be3+ 19. Kh1 Bxb6 20. axb6 Qe3 21. Nb5 Qxb6 22. Qd4 Qxd4 23. Nxd4 Nb4 24. h3 g6 25. b3 Rfe8 26. Ne6 Rec8 27. h4 Nd3 28. Kh2 Ne5 29. Nd4 Kg7 30. Kg3 Kf6 31. Rfe1 h6 32. Rh1 Re8 33. Nc2 Nd3 34. Nd4 f4+ 35. Kh2 Nc5 36. Rhf1 Nd3 37. Rad1 Ne5 38. Be4 g5 39. Bc2 Ng4+ 40. Kg1 Ne3 41. hxg5+ hxg5 42. Bd3 Nxd1 43. Rxd1 Re3 44. Bf1 Rae8 45. b4 Re1 46. Rd2 R8e4 47. c5 Rc1 48. c6 bxc6 49. dxc6 Bxc6 50. Nb3 Rb1 51. Rxd6+ Ke5 52. Rxc6 Rxb3 53. b5 Rb1 54. Kf2 Rb2+ 55. Kg1 Re1 56. Rc5+ Kf6 57. Rc6+ Kg7 58. Rc7+ Kg6 59. Rc6+ Kf5 60. Rc5+ Kg4 61. Rc3 Rbb1 62. Rf3 Rxb5 63. Kh2 Rbb1 64. Kg1 Red1 65. Rf2 Kf5 66. Rf3 g4 67. Rf2 Kg5 68. g3 f3 69. Kh2 Re1 70. Kg1 Kf6 71. Kh2 Ke5 72. Kg1 Kd4 73. Kh2 Ke3 74. Kg1 Rec1 75. Kh2 Kxf2 76. Bg2 Rd1 77. Bf1 Kxf1 78. Kh1 Kf2+ 79. Kh2 Rh1# 0-1

[Event "December 19 Early 2023"]
[Site "https://www.chess.com"]
[Date "2023.12.19"]
[Round "6"]
[White "Ter-Sahakyan, Samvel"]
[Black "Skvortsov, Andrei"]
[Result "1-0"]
[Board "24"]
[TimeControl "180+1"]
[WhiteFideId "13302531"]
[BlackFideId "24108600"]
[WhiteElo "2556"]
[BlackElo "2338"]
[WhiteTeam "ARM"]
[BlackTeam "MNE"]
[WhiteClock "0:00:09"]
[BlackClock "0:00:06"]

1. d4 g6 2. e4 Bg7 3. Nc3 d5 4. Nxd5 c6 5. Ne3 Qxd4 6. Qxd4 Bxd4 7. Nf3 Bg7 8. Bc4 Nd7 9. a4 a5 10. O-O e5 11. Ba2 Ngf6 12. Nd2 Nc5 13. f3 Be6 14. Bxe6 Nxe6 15. Ndc4 Nd7 16. b3 Bf8 17. Rd1 f6 18. Nd6+ Bxd6 19. Rxd6 Ke7 20. Ba3 c5 21. Rad1 Rhd8 22. c3 Ndf8 23. R6d5 b6 24. Nc4 Rdb8 25. Rd6 b5 26. axb5 Rxb5 27. Rb6 Rxb6 28. Nxb6 Rb8 29. Nd5+ Kf7 30. Rb1 Nd7 31. Kf2 Nb6 32. Nxb6 Rxb6 33. Ke3 c4 34. b4 axb4 35. Bxb4 Nc5 36. Ra1 Nd3 37. Ra7+ Kg8 38. Ra4 Nb2 39. Ra8+ Kg7 40. Ra7+ Kg8 41. g4 Nd3 42. Be7 Rb1 43. Bxf6 Re1+ 44. Kd2 Rh1 45. h4 h5 46. gxh5 gxh5 47. Ke3 Kf8 48. Bg5 Re1+ 49. Kd2 Rh1 50. Bf6 Kg8 51. Rg7+ Kf8 52. Rg5 Rxh4 53. Bxe5 Kf7 54. Rf5+ Ke6 55. Bd4 Rh2+ 56. Ke3 h4 57. Rf6+ Ke7 58. Rh6 h3 59. e5 Rh1 60. Ke4 Re1+ 61. Kd5 Rh1 62. Bc5+ Kf7 63. e6+ Kg7 64. Rh4 Re1 65. Bd4+ Kg6 66. Kd6 Kg5 67. Rxh3 Rxe6+ 68. Kxe6 Nf4+ 69. Ke5 Nxh3 70. f4+ Kg6 71. f5+ Kf7 72. Be3 Ke7 73. f6+ Kf7 74. Kf5 1-0

[Event "December 19 Early 2023"]
[Site "https://www.chess.com"]
[Date "2023.12.19"]
[Round "6"]
[White "Baskakov, Egor"]
[Black "Starozhilov, Leonid"]
[Result "1-0"]
[Board "25"]
[TimeControl "180+1"]
[WhiteFideId "24197866"]
[BlackFideId "14106752"]
[WhiteElo "2225"]
[BlackElo "2246"]
[WhiteTeam "RUS"]
[BlackTeam "UKR"]
[WhiteClock "0:00:14"]
[BlackClock "0:00:00"]

1. e4 c5 2. Nf3 e6 3. Be2 a6 4. c4 Nc6 5. Nc3 Nf6 6. O-O Qc7 7. d4 cxd4 8. Nxd4 Bb4 9. Bg5 Bxc3 10. Bxf6 gxf6 11. bxc3 Ne5 12. Qd2 d6 13. Qh6 Qe7 14. f4 Nc6 15. Rab1 Na5 16. Qh5 Qc7 17. Qh6 Qe7 18. e5 dxe5 19. fxe5 f5 20. Bh5 Bd7 21. Rxf5 exf5 22. e6 O-O-O 23. exd7+ Rxd7 24. Qb6 Nxc4 25. Qa7 Qe3+ 26. Kh1 Nd6 27. Bf3 Re8 28. h3 Kd8 29. Qb6+ Kc8 30. Qa7 Kd8 31. Bc6 Rc7 32. Qa8+ Ke7 33. Bxe8 Nxe8 34. Qb8 Qe5 35. Nf3 Qd6 36. Rxb7 Rxb7 37. Qxb7+ Qd7 38. Qxa6 Nd6 39. Qb6 Qe6 40. Nd4 Qe1+ 41. Kh2 Qe5+ 42. g3 Qe4 43. Qc7+ Kf6 44. Qxd6+ Kg7 45. Qf4 Qb1 46. Nxf5+ Kg6 47. Nh4+ Kg7 48. Qe5+ Kf8 49. Ng2 Qxa2 50. Qc5+ Kg7 51. c4 h5 52. Qxh5 Qxc4 53. Qg4+ Qxg4 54. hxg4 Kg6 55. Kh3 Kg5 56. Nh4 f6 57. Nf3+ Kg6 58. Kh4 f5 59. g5 f4 60. gxf4 Kf5 61. Kh5 1-0

[Event "December 19 Early 2023"]
[Site "https://www.chess.com"]
[Date "2023.12.19"]
[Round "6"]
[White "Shevchenko, Kirill"]
[Black "Leiva, Gianmarco"]
[Result "1-0"]
[Board "26"]
[TimeControl "180+1"]
[WhiteFideId "14129574"]
[BlackFideId "3804399"]
[WhiteElo "2603"]
[BlackElo "2338"]
[WhiteTeam "ROU"]
[BlackTeam "PER"]
[WhiteClock "0:00:02"]
[BlackClock "0:00:00"]

1. d4 Nf6 2. c4 e6 3. Nc3 Bb4 4. e3 O-O 5. Bd3 d5 6. a3 Bxc3+ 7. bxc3 dxc4 8. Bxc4 c5 9. Bb2 Qc7 10. Bd3 e5 11. dxe5 Qxe5 12. Nf3 Qe7 13. c4 Nbd7 14. O-O b6 15. e4 Bb7 16. Re1 Rfd8 17. e5 Nh5 18. Re3 Nf4 19. Bf1 Nf8 20. Qe1 Rd7 21. e6 N8xe6 22. Ne5 Rd6 23. Rg3 Rad8 24. Ng4 Ng6 25. f4 Nd4 26. Nh6+ Kf8 27. Re3 Re6 28. Rxe6 Qxe6 29. Qxe6 Nxe6 30. Nxf7 1-0

[Event "December 19 Early 2023"]
[Site "https://www.chess.com"]
[Date "2023.12.19"]
[Round "6"]
[White "Sjugirov, Sanan"]
[Black "Bardyk, Artem"]
[Result "1-0"]
[Board "27"]
[TimeControl "180+1"]
[WhiteFideId "4189302"]
[BlackFideId "34349979"]
[WhiteElo "2569"]
[BlackElo "2300"]
[WhiteTeam "HUN"]
[BlackTeam "RUS"]
[WhiteClock "0:01:08"]
[BlackClock "0:00:02"]

1. e4 e5 2. Nf3 Nc6 3. Bb5 Nge7 4. O-O Ng6 5. d4 exd4 6. Nxd4 Bc5 7. Be3 Bb6 8. Nf5 Bxe3 9. Nxe3 O-O 10. Nc3 d6 11. f4 Kh8 12. Qh5 Nd4 13. Bd3 Bd7 14. Rad1 Ne6 15. g3 Nc5 16. e5 Nxd3 17. Rxd3 Bc6 18. Nf5 Qe8 19. g4 Rg8 20. exd6 cxd6 21. Nxd6 Qe7 22. f5 Ne5 23. Qxh7+ Kxh7 24. Rh3+ Qh4 25. Rxh4# 1-0

[Event "December 19 Early 2023"]
[Site "https://www.chess.com"]
[Date "2023.12.19"]
[Round "6"]
[White "Zakhartsov, Vladimir"]
[Black "Krysa, Leandro"]
[Result "1-0"]
[Board "28"]
[TimeControl "180+1"]
[WhiteFideId "4145097"]
[BlackFideId "116807"]
[WhiteElo "2448"]
[BlackElo "2495"]
[WhiteTeam "RUS"]
[BlackTeam "ARG"]
[WhiteClock "0:00:16"]
[BlackClock "0:00:00"]

1. d4 Nf6 2. c4 g6 3. Nc3 d5 4. cxd5 Nxd5 5. e4 Nxc3 6. bxc3 Bg7 7. Bb5+ c6 8. Ba4 O-O 9. Ne2 e5 10. O-O b5 11. Bb3 a5 12. Be3 a4 13. Bc2 Be6 14. f4 exd4 15. cxd4 Bc4 16. Bd3 Bxd3 17. Qxd3 Nd7 18. Rac1 Rc8 19. d5 cxd5 20. Rcd1 Nc5 21. Bxc5 Rxc5 22. e5 d4 23. Nxd4 Qd5 24. Qe2 Qc4 25. Qxc4 bxc4 26. Rc1 c3 27. Rc2 Rfc8 28. Rfc1 f6 29. Ne6 Rc4 30. Nxg7 Kxg7 31. exf6+ Kxf6 32. g3 Kf5 33. Kf2 Ke4 34. Ke2 a3 35. Rb1 h5 36. Rb3 h4 37. Rxa3 h3 38. Ra6 Rb4 39. Re6+ Kf5 40. Re5+ Kf6 41. Kd3 Rb2 42. Rxb2 cxb2 43. Rb5 Rd8+ 44. Ke3 Rd1 45. Rxb2 Rg1 46. Kf3 Rf1+ 47. Kg4 1-0

[Event "December 19 Early 2023"]
[Site "https://www.chess.com"]
[Date "2023.12.19"]
[Round "6"]
[White "Mahdavi, Reza"]
[Black "Haring, Filip"]
[Result "1/2-1/2"]
[Board "29"]
[TimeControl "180+1"]
[WhiteFideId "12595926"]
[BlackFideId "14933080"]
[WhiteElo "2426"]
[BlackElo "2375"]
[WhiteTeam "IRI"]
[BlackTeam "SVK"]
[WhiteClock "0:00:12"]
[BlackClock "0:00:05"]

1. e4 e6 2. d4 d5 3. Nd2 c5 4. exd5 Qxd5 5. Ngf3 cxd4 6. Bc4 Qd7 7. Nb3 Bb4+ 8. Bd2 Bxd2+ 9. Qxd2 Qc7 10. Qxd4 Nf6 11. O-O-O Nc6 12. Bb5 O-O 13. Bxc6 Qxc6 14. Ne5 Qe4 15. g4 b6 16. g5 Qxd4 17. Rxd4 Bb7 18. Re1 Nd5 19. c4 Nb4 20. a3 Nc6 21. Nxc6 Bxc6 22. Re3 Rfd8 23. Red3 Rxd4 24. Rxd4 Kf8 25. f4 Ke7 26. Kd2 f6 27. gxf6+ gxf6 28. Kc3 Rg8 29. Rd2 e5 30. fxe5 fxe5 31. Re2 Kf6 32. Nd2 Rg4 33. b4 Rh4 34. Nf1 Rh3+ 35. Re3 Rh4 36. c5 bxc5 37. bxc5 Bb5 38. Nd2 Kf5 39. Rxe5+ Kxe5 40. Nf3+ Kd5 41. Nxh4 Kxc5 42. Nf3 Bc6 43. Ng5 h5 44. Ne6+ Kd6 45. Nf4 h4 46. Kd4 Bb7 47. Ng6 h3 48. Nf4 Bg2 49. Ne2 Ke6 50. Nc3 Kf5 51. Nb5 a6 52. Nc7 Bf1 53. Ke3 Ke5 54. Ne8 Kd5 55. Nf6+ Kc4 56. Ne4 Kb5 57. Nc3+ Kc4 58. Ne4 Bg2 59. Nd2+ Kc3 60. Nb1+ Kb2 61. Nd2 Kxa3 62. Kd3 a5 63. Kc3 a4 64. Nc4+ Ka2 65. Kb4 Bf1 66. Ne3 Bg2 67. Kxa4 Kb2 68. Kb4 Kc1 69. Kc3 Bf3 70. Kd3 Bc6 71. Ke2 Bd7 72. Kf2 Kd2 73. Nc4+ Kc3 74. Ne5 Bc8 75. Kg3 Kd4 76. Nf7 Kd5 77. Kf4 Bd7 78. Ng5 Bc8 79. Ne4 Ke6 80. Kg3 Ke5 81. Nc5 Kf6 82. Ne4+ Kg6 83. Nc3 Bf5 84. Ne2 Kg5 85. Nd4 Bg4 86. Nc6 Bf5 87. Ne5 Be6 88. Nf3+ Kh5 89. Kf4 Bc8 90. Nd4 Kg6 91. Nb5 Bd7 92. Nd6 Kf6 93. Nc4 Be6 94. Ne5 Bc8 95. Nf3 Kg6 96. Ne5+ Kf6 97. Nd3 Be6 98. Kg3 Kg5 99. Nf4 Bf5 100. Nd5 Be6 101. Nb6 Bf5 102. Nc4 Be6 103. Nd2 Bf5 104. Nf3+ Kf6 105. Kf4 Bc8 106. Ne5 Be6 107. Nc6 Bd7 108. Nd4 Be6 109. Nb5 Kg6 110. Nd6 Bd7 111. Ke5 Bg4 112. Nc4 Bc8 113. Nd2 Bg4 114. Kf4 Bc8 115. Ne4 Bd7 116. Nc3 Bc8 117. Nd5 1/2-1/2

[Event "December 19 Early 2023"]
[Site "https://www.chess.com"]
[Date "2023.12.19"]
[Round "6"]
[White "Jones, Gawain C B"]
[Black "Arabidze, Meri"]
[Result "1/2-1/2"]
[Board "30"]
[TimeControl "180+1"]
[WhiteFideId "409561"]
[BlackFideId "13604040"]
[WhiteElo "2645"]
[BlackElo "2416"]
[WhiteTeam "ENG"]
[BlackTeam "GEO"]
[WhiteClock "0:00:08"]
[BlackClock "0:00:49"]

1. Nf3 d5 2. c4 d4 3. b4 c5 4. g3 f6 5. e3 e5 6. d3 Nc6 7. b5 Nce7 8. exd4 cxd4 9. a4 Nf5 10. Bg2 Bb4+ 11. Bd2 Bc5 12. O-O Nge7 13. a5 O-O 14. a6 Rb8 15. axb7 Bxb7 16. Qa4 e4 17. dxe4 Bxe4 18. Bb4 Qc7 19. Nbd2 Bxb4 20. Nxe4 Qxc4 21. g4 Nh6 22. Rfb1 Qxb5 23. Qxb5 Rxb5 24. Nxd4 Rb6 25. Rxa7 Bc5 26. Rxb6 Bxb6 27. Rxe7 Bxd4 28. Nd6 Bc5 29. Bd5+ Kh8 30. Nf7+ Nxf7 31. Rxf7 Rxf7 32. Bxf7 g5 33. Kg2 1/2-1/2

[Event "December 19 Early 2023"]
[Site "https://www.chess.com"]
[Date "2023.12.19"]
[Round "6"]
[White "Kovalev, Vladislav"]
[Black "Parpiev, Isaak"]
[Result "1-0"]
[Board "31"]
[TimeControl "180+1"]
[WhiteFideId "13504398"]
[BlackFideId "34281576"]
[WhiteElo "2539"]
[BlackElo "2183"]
[WhiteTeam "FID"]
[BlackTeam "RUS"]
[WhiteClock "0:00:04"]
[BlackClock "0:00:01"]

1. e4 e5 2. Nf3 Nc6 3. Bb5 a6 4. Ba4 Bc5 5. c3 Nge7 6. O-O Ng6 7. d4 Ba7 8. Be3 O-O 9. Nbd2 d6 10. Re1 Nce7 11. Bb3 Kh8 12. Ng5 Qe8 13. Qh5 h6 14. Ndf3 f5 15. dxe5 Bxe3 16. Rxe3 f4 17. Rd3 Nxe5 18. Qxe8 Nxf3+ 19. Nxf3 Rxe8 20. e5 Nf5 21. Re1 Be6 22. g4 fxg3 23. hxg3 Bxb3 24. axb3 dxe5 25. Nxe5 Nd6 26. f4 Kg8 27. Kf2 Re7 28. c4 Rae8 29. Red1 g5 30. Ng4 Kg7 31. fxg5 hxg5 32. Re3 Ne4+ 33. Kg2 Nc5 34. Rxe7+ Rxe7 35. b4 Na4 36. b3 Nc3 37. Rd3 Na2 38. Rd5 Nxb4 39. Rxg5+ Kf7 40. Rf5+ Kg6 41. Rf4 Re2+ 42. Kh3 Rb2 43. Ne5+ Kg5 44. Rf7 Rxb3 45. Rxc7 Nc2 46. Nf3+ Kf5 47. g4+ Kf4 48. Rf7+ Ke4 49. Kg3 a5 50. g5 Rb6 51. Rf4+ Kd3 52. Rf6 Rb1 53. g6 a4 54. g7 a3 55. g8=Q a2 56. Qh7+ Kc3 57. Rf7 a1=Q 58. Rxb7 Rxb7 59. Qxb7 Kxc4 60. Qc6+ Kb3 61. Nd2+ Kb2 62. Qb5+ Ka2 63. Qb3# 1-0

[Event "December 19 Early 2023"]
[Site "https://www.chess.com"]
[Date "2023.12.19"]
[Round "6"]
[White "Thorfinnsson, Bjorn"]
[Black "Szpar, Milosz"]
[Result "0-1"]
[Board "32"]
[TimeControl "180+1"]
[WhiteFideId "2300982"]
[BlackFideId "1184989"]
[WhiteElo "2394"]
[BlackElo "2446"]
[WhiteTeam "ISL"]
[BlackTeam "POL"]
[WhiteClock "0:00:06"]
[BlackClock "0:00:04"]

1. d4 d5 2. Nf3 Nf6 3. Bg5 Ne4 4. e3 Nxg5 5. Nxg5 e5 6. Nf3 e4 7. Nfd2 c6 8. c4 Nd7 9. Nc3 Nf6 10. Qb3 a6 11. cxd5 cxd5 12. Na4 b5 13. Nc5 Bxc5 14. dxc5 d4 15. exd4 Qxd4 16. O-O-O Qxc5+ 17. Kb1 Be6 18. Qe3 Qd5 19. b3 O-O 20. Be2 Qb7 21. f3 Nd5 22. Qd4 Nf4 23. Qe3 Nxe2 24. Qxe2 exf3 25. Nxf3 Bf5+ 26. Kb2 Be4 27. Rhe1 Bg6 28. Ne5 Rae8 29. Qd2 Bf5 30. h3 h6 31. g4 Be6 32. Nd3 Rd8 33. Qc3 Rc8 34. Qe5 Rfd8 35. Nf4 Rxd1 36. Rxd1 Re8 37. Nh5 f6 38. Qd4 Bf7 39. Nf4 Re4 40. Qd8+ Re8 41. Qd4 Qf3 42. Rd2 a5 43. Nd3 a4 44. bxa4 bxa4 45. Qxa4 Rb8+ 46. Nb4 Qf4 47. Ka3 Qxd2 0-1

[Event "December 19 Early 2023"]
[Site "https://www.chess.com"]
[Date "2023.12.19"]
[Round "6"]
[White "Livaic, Leon"]
[Black "Martinez Reyes, Pedro Ramon"]
[Result "1-0"]
[Board "33"]
[TimeControl "180+1"]
[WhiteFideId "14531534"]
[BlackFideId "3901807"]
[WhiteElo "2541"]
[BlackElo "2327"]
[WhiteTeam "CRO"]
[BlackTeam "VEN"]
[WhiteClock "0:00:03"]
[BlackClock "0:00:42"]

1. d4 Nf6 2. c4 c5 3. d5 e5 4. Nc3 d6 5. e4 Nbd7 6. g3 Be7 7. Bg2 Nf8 8. h4 h6 9. Nf3 Bg4 10. Qa4+ Bd7 11. Qb3 a6 12. a3 b5 13. cxb5 axb5 14. Qc2 b4 15. Nd1 bxa3 16. Rxa3 Rxa3 17. bxa3 Qa5+ 18. Nd2 Ba4 19. Qc3 Qa6 20. Bf1 Bb5 21. Bxb5+ Qxb5 22. f3 N8d7 23. Nc4 Nb6 24. Nde3 Nfd7 25. Rh2 Na4 26. Qa5 Qxa5+ 27. Nxa5 Ndb6 28. Nac4 Nxc4 29. Nxc4 Kd7 30. Kd1 Rb8 31. Kc2 h5 32. Bd2 g6 33. Rh1 f5 34. Rb1 Rxb1 35. Kxb1 Bd8 36. Kc2 Nb6 37. Kb3 Nxc4 38. Kxc4 f4 39. gxf4 exf4 40. Bxf4 Bxh4 41. e5 dxe5 42. Bxe5 Bf2 43. a4 h4 44. a5 Bg3 45. a6 Bxe5 46. a7 h3 47. a8=Q h2 48. Qc6+ Kd8 49. Qb6+ Bc7 50. Qf6+ Kc8 51. Qh8+ Kb7 52. Kxc5 g5 53. d6 Bb6+ 54. Kd5 Bd8 1-0

[Event "December 19 Early 2023"]
[Site "https://www.chess.com"]
[Date "2023.12.19"]
[Round "6"]
[White "Iljin, Timofey"]
[Black "Maksimovic, Bojan"]
[Result "0-1"]
[Board "34"]
[TimeControl "180+1"]
[WhiteFideId "14110180"]
[BlackFideId "14408120"]
[WhiteElo "2380"]
[BlackElo "2527"]
[WhiteTeam "UKR"]
[BlackTeam "BIH"]
[WhiteClock "0:00:11"]
[BlackClock "0:01:08"]

1. e4 a6 2. a3 e6 3. d4 c5 4. d5 Nf6 5. dxe6 dxe6 6. Qxd8+ Kxd8 7. Nc3 b5 8. f3 Bd6 9. Bg5 h6 10. Be3 Nbd7 11. O-O-O Ke7 12. g4 Bb7 13. h4 b4 14. Na4 bxa3 15. bxa3 Bc6 16. e5 Nxe5 17. Nxc5 Nfxg4 18. fxg4 Bxh1 19. Bxa6 Nxg4 20. Bb7 Bxb7 21. Nxb7 Bxa3+ 22. Kd2 Nxe3 23. Kxe3 Rhb8 24. Rb1 Ra7 25. Na5 Rxb1 26. Nc6+ Kf6 27. Nf3 Bc5+ 28. Kf4 Ra4+ 29. Kg3 Bd6+ 30. Kg2 Rb2 31. Ne1 Rc4 32. Nd8 Rc8 33. Nd3 Rbxc2+ 34. Kh3 Rxd8 35. h5 Rc3 36. Kg4 Rxd3 37. Kh4 Rd5 38. Kg4 Rc8 39. Kh3 Rcc5 40. Kg4 Rxh5 41. Kf3 Rhe5 42. Kg4 0-1

[Event "December 19 Early 2023"]
[Site "https://www.chess.com"]
[Date "2023.12.19"]
[Round "6"]
[White "Yeletsky, Ivan"]
[Black "Pak, Yevgeniy"]
[Result "0-1"]
[Board "35"]
[TimeControl "180+1"]
[WhiteFideId "24180327"]
[BlackFideId "14201712"]
[WhiteElo "2379"]
[BlackElo "2320"]
[WhiteTeam "RUS"]
[BlackTeam "KAZ"]
[WhiteClock "0:00:00"]
[BlackClock "0:00:45"]

1. c4 e5 2. g3 Nf6 3. Bg2 c6 4. Nf3 e4 5. Nd4 d5 6. cxd5 cxd5 7. d3 Qb6 8. dxe4 Bc5 9. Be3 Nc6 10. Nc2 d4 11. Bc1 Bg4 12. O-O O-O-O 13. h3 d3 14. hxg4 dxc2 15. Qxc2 Nxg4 16. e3 Kb8 17. Nc3 Nb4 18. Qe2 h5 19. a3 Nd3 20. Nd5 Qb3 21. Bd2 f5 22. Qd1 Qxd1 23. Raxd1 fxe4 24. Bxe4 Nxb2 25. Rb1 Nc4 26. Bc3 h4 27. Ne7 Bb6 28. Ng6 hxg3 29. Nxh8 Rxh8 30. fxg3 Ncxe3 31. Rxb6 axb6 32. Rf7 Rd8 33. Rxb7+ Kc8 34. Be1 Rd1 0-1

[Event "December 19 Early 2023"]
[Site "https://www.chess.com"]
[Date "2023.12.19"]
[Round "6"]
[White "Cristobal, Manuel"]
[Black "Suleymanli, Aydin"]
[Result "0-1"]
[Board "36"]
[TimeControl "180+1"]
[WhiteFideId "112879"]
[BlackFideId "13413937"]
[WhiteElo "2244"]
[BlackElo "2553"]
[WhiteTeam "ARG"]
[BlackTeam "AZE"]
[WhiteClock "0:00:00"]
[BlackClock "0:00:13"]

1. d4 Nf6 2. Nf3 g6 3. e3 Bg7 4. Be2 O-O 5. O-O c5 6. b3 cxd4 7. Nxd4 d5 8. Bb2 a6 9. c4 dxc4 10. Bxc4 b5 11. Be2 Bb7 12. Bf3 Qb6 13. Bxb7 Qxb7 14. Qf3 Qxf3 15. Nxf3 Nc6 16. Nc3 Nb4 17. Rfd1 Rfd8 18. Ne1 Ne4 19. Nxe4 Bxb2 20. Rxd8+ Rxd8 21. Rb1 Ba3 22. g3 f5 23. Ng5 Nxa2 24. Nc2 Nc3 25. Ra1 Bd6 26. Rxa6 h6 27. Ne6 Rc8 28. Ncd4 Kf7 29. Kg2 Kf6 30. h4 g5 31. hxg5+ hxg5 32. f4 g4 33. Ng5 b4 34. Ra5 Rc5 35. Ra8 e5 36. Ra6 Rd5 37. fxe5+ Rxe5 38. Nh7+ Kg7 39. Rxd6 Kxh7 40. Rf6 Nd5 41. Rf7+ Kg6 42. Rb7 Nxe3+ 43. Kg1 Re4 44. Rb6+ Kf7 45. Rxb4 f4 46. gxf4 Rxf4 47. Nc6 Rf1+ 48. Kh2 Rf2+ 49. Kg1 g3 50. Ne5+ Ke6 0-1

[Event "December 19 Early 2023"]
[Site "https://www.chess.com"]
[Date "2023.12.19"]
[Round "6"]
[White "Demchenko, Anton"]
[Black "Sahib Singh"]
[Result "1-0"]
[Board "37"]
[TimeControl "180+1"]
[WhiteFideId "4160258"]
[BlackFideId "25618342"]
[WhiteElo "2545"]
[BlackElo "2130"]
[WhiteTeam "SLO"]
[BlackTeam "IND"]
[WhiteClock "0:00:34"]
[BlackClock "0:00:00"]

1. a3 e5 2. c4 Nf6 3. d3 c5 4. e4 Nc6 5. Nc3 d6 6. Bg5 h6 7. Bxf6 Qxf6 8. g3 Nd4 9. Bh3 Nf3+ 10. Kf1 Bxh3+ 11. Nxh3 Nd4 12. Kg2 Qe6 13. Ng1 h5 14. h4 Be7 15. Nf3 Nc6 16. Nd5 Bd8 17. b4 O-O 18. Rb1 b6 19. Qa4 Rc8 20. b5 Na5 21. Qd1 f5 22. exf5 Qxf5 23. Qe2 Qg6 24. Nd2 Rf7 25. Ne4 Ra8 26. Rhg1 a6 27. a4 axb5 28. axb5 Rfa7 29. Kh1 Nb7 30. Kh2 Ra2 31. Rb2 Ra1 32. Rxa1 Rxa1 33. Ra2 Rc1 34. Ra7 Na5 35. Ra8 Kh7 36. Rxd8 1-0